 Dungeon Crawl Stone Soup version 0.24-a0-630-g0d56a851f4 (webtiles) character file.

Game seed: 1219718345237006815, levelgen mode: deterministic

532 Ge0ff the Cutter (level 7, 0/46 HPs)
             Began as a Halfling Warper on Sept 20, 2019.
             Succumbed to a killer bee's poison
             ... on level 4 of the Dungeon.
             The game lasted 00:12:15 (5098 turns).

Ge0ff the Cutter (Halfling Warper)                  Turns: 5098, Time: 00:12:16

Health: 0/46       AC:  3    Str: 14      XL:     7   Next: 49%
Magic:  10/10      EV: 14    Int:  9 (11) God:
Gold:   136        SH:  0    Dex: 12 (14) Spells: 6/10 levels left

rFire    + . .     SeeInvis .   a - +2 dagger (venom)
rCold    + . .     Gourm    .   (shield restricted)
rNeg     + . .     Faith    .   E - +0 leather armour
rPois    +         Spirit   .   (no helmet)
rElec    +         Reflect  .   (no cloak)
rCorr    +         Harm     .   (no gloves)
MR       .....                  (no boots)
Stlth    ++........             (no amulet)
HPRegen  0.15/turn              Y - ring of positive energy
MPRegen  0.12/turn              (no ring)

@: lethally poisoned (0 -> -18), resistant, flying, very slightly contaminated,
invisible
A: small, mutation resistance 1
a: no special abilities


You were on level 4 of the Dungeon.
You were not hungry.

You visited 1 branch of the dungeon, and saw 4 of its levels.

You collected 136 gold pieces.

Inventory:

Hand Weapons
 a - a +2 dagger of venom (weapon)
 b - a +2 dagger of draining
 h - a +1 hand axe of flaming
 V - a +0 flail
 Z - a +0 mace
Missiles
 e - 24 poisoned darts (quivered)
 G - 5 boomerangs of dispersal {!f}
 M - 7 boomerangs
 P - 132 stones
Armour
 E - a +0 leather armour (worn)
Jewellery
 Y - a ring of positive energy (left hand)
Scrolls
 i - 2 scrolls of identify
 m - 4 scrolls of magic mapping
 B - 2 scrolls of blinking
 C - 3 scrolls of remove curse
 H - a scroll of acquirement {unknown}
 T - 2 scrolls of teleportation
 U - a scroll of enchant armour {unknown}
Potions
 K - a potion of magic {!q}
Comestibles
 r - 6 rations


   Skills:
 + Level 3.3 Fighting
 * Level 5.3 Short Blades
 - Level 2.1 Maces & Flails
 - Level 2.0 Throwing
 + Level 2.2 Armour
 - Level 2.1 Dodging
 - Level 2.0 Stealth
 - Level 2.0 Spellcasting
 + Level 2.5 Charms
 - Level 3.2 Translocations


You had 6 spell levels left.
You knew the following spells:

 Your Spells              Type           Power        Failure   Level  Hunger
c - Blink                 Tloc           N/A          16%         2    ###....
s - Shroud of Golubria    Chrm/Tloc      #.....       19%         2    ###....

Your spell library contained the following spells:

 Spells                   Type           Power        Failure   Level  Hunger
 Gell's Gravitas          Tloc           #.........   32%         3    ####...
 Lesser Beckoning         Tloc           #.........   32%         3    ####...
 Teleport Other           Tloc           #.......     32%         3    ####...
 Passage of Golubria      Tloc           N/A          71%         4    #####..


Dungeon Overview and Level Annotations

Branches:
Dungeon (4/15)
 Temple: D:4-7

Altars:
Makhleb
Nemelex Xobeh
Uskayaw

Shops:
D:4 [

Annotations:
D:2 2 transporters


Innate Abilities, Weirdness & Mutations

You are small and have problems with some larger weapons.
You are somewhat resistant to further mutation.


Message History

You feel your strength returning. The killer bee stings you!
* * * LOW HITPOINT WARNING * * *
You are lethally poisoned!
The killer bee poisons you!
Okay, then.
You feel protected.
* * * LOW HITPOINT WARNING * * *
You feel sick. The killer bee barely misses you.
The killer bee closely misses you.
* * * LOW HITPOINT WARNING * * *
You feel sick. The killer bee stings you.
* * * LOW HITPOINT WARNING * * *
You are more poisoned.
The killer bee poisons you!
Okay, then.
As you read the scroll of identify, it crumbles to dust.
Y - 2 scrolls of teleportation;
T - 2 scrolls of teleportation
Y - a ring of positive energy (left hand)
You die...

#...................
##..<.......####.....
#......[....[..........
###.........####........
##.......### .........
##...y....## .........
####y###..# .........
##y# ##.###........ #.@#
#..#......... ###.##
##........... #...#
##..........
#.#########.......... #.
................. #
.......##........
..∩.... ##......#
................#
#.....####..###..


You could see 3 killer bees.

Vanquished Creatures
  2 killer bees
  A crimson imp (D:4)
  2 hounds
  A bullfrog skeleton (D:4)
  A gnoll shaman (D:4)
  2 orc wizards (D:3)
  A worker ant (D:3)
  6 adders
  7 gnolls
  An ooze (D:3)
  2 dart slugs
  7 orcs
  A ball python (D:3)
  A giant cockroach (D:2)
  8 goblins
  12 hobgoblins
  6 jackals (D:3)
  11 kobolds
  A quokka (D:2)
  8 bats
  4 frilled lizards
  7 rats
92 creatures vanquished.

Notes
Turn   | Place    | Note
-------+----------+-------------------------------------------
     0 | D:1      | Ge0ff the Halfling Warper began the quest for the Orb.
     0 | D:1      | Reached XP level 1. HP: 14/14 MP: 3/3
   301 | D:1      | Reached XP level 2. HP: 19/19 MP: 4/4
   345 | D:1      | Reached skill level 1 in Short Blades
   572 | D:1      | Reached XP level 3. HP: 24/24 MP: 5/5
   792 | D:1      | Reached skill level 2 in Short Blades
   945 | D:2      | Learned a level 2 spell: Blink
   948 | D:2      | Learned a level 2 spell: Shroud of Golubria
  1131 | D:2      | Reached XP level 4. HP: 30/30 MP: 6/6
  1294 | D:2      | Found a transporter.
  1298 | D:2      | Found a transporter.
  1298 | D:2      | Found a hide-covered altar of Uskayaw.
  1299 | D:2      | Noticed a hungry ghost
  1300 | D:2      | Noticed a sky beast
  1468 | D:2      | Reached skill level 3 in Short Blades
  1504 | D:2      | Found a burning altar of Makhleb.
  1860 | D:3      | Reached XP level 5. HP: 29/35 MP: 7/7
  1876 | D:3      | Reached skill level 1 in Stealth
  1895 | D:3      | Reached skill level 1 in Charms
  2705 | D:3      | Reached XP level 6. HP: 37/41 MP: 8/8
  3099 | D:3      | Reached skill level 4 in Short Blades
  4140 | D:3      | HP: 2/42 [something (3)]
  4590 | D:4      | Found Ykloirph's Armour Boutique.
  4620 | D:3      | Reached XP level 7. HP: 18/46 MP: 10/10
  4871 | D:4      | Reached skill level 5 in Short Blades
  5070 | D:4      | Found a sparkling altar of Nemelex Xobeh.
  5097 | D:4      | HP: 1/46 [killer bee (5)]
  5098 | D:4      | Succumbed to a killer bee's poison

Levels and vault maps discovered:
D:1:      lightli_arrival_chessboard, layout_basic, serial_glass,
          glass_columns_b, glass_columns_a, glass_columns_a, glass_columns_b,
          glass_columns_a, glass_columns_a, glass_columns_b, glass_columns_b,
          glass_columns_b, glass_columns_b, dk_noncrumbling_2,
          minmay_pentomino_q2
D:2:      layout_loops_ring, gammafunk_temple_overflow_arena, first_ration,
          makhleb_blood_cavern_becter
D:3:      layout_basic
D:4:      layout_rooms, good_gods_temple_1, nemelex_xobeh_ov_fountains_minmay,
          serial_shops, shop, shop, kennysheep_mini_moat, kennysheep_mini, shop,
          lemuel_angel_altar

Skill      XL: |  1  2  3  4  5  6  7 |
---------------+----------------------+-----
Maces & Flails | 2 |  2.1
Fighting       | 2 3 |  3.3
Short Blades   | 1 2 3 4 5 |  5.3
Stealth        | 1 2 |  2.0
Charms         | 1 2 |  2.5
Spellcasting   | 2 |  2.0
Armour         | 2 |  2.2
Throwing       | 2 |  2.0
Dodging        | |  2.1
Translocations | |  3.2

Action                   |  1- 3 |  4- 6 |  7- 9 || total
-------------------------+-------+-------+-------++-------
Melee: Mace              |    15 |       |       ||    15
       Dagger            |    62 |   215 |    28 ||   305
Throw: Stone             |     5 |    72 |       ||    77
       Dart              |       |    14 |     6 ||    20
  Use: Potion            |       |     3 |     4 ||     7
       Scroll            |       |     3 |     1 ||     4
 Stab: Sleeping          |       |     1 |       ||     1
  Eat: Chunk             |     1 |     9 |       ||    10
       Ration            |       |       |     1 ||     1
Armor: Leather armour    |    15 |    30 |       ||    45
Dodge: Dodged            |    51 |   151 |    26 ||   228

Table legend:
 A = Non-vault XP
 B = Vault XP
 C = Vault XP percentage of total XP
 D = Non-vault monster count
 E = Vault monster count
 F = Vault count percentage of total count
                 A         B        C        D         E       F
            +---------+---------+-------+---------+---------+-------
      Total |     714 |      46 |   6.1 |      89 |       3 |   3.3
            +---------+---------+-------+---------+---------+-------
        D:1 |      40 |       3 |   7.0 |      18 |       2 |  10.0
        D:2 |      61 |      43 |  41.3 |      16 |       1 |   5.9
        D:3 |     405 |       0 |   0.0 |      48 |       0 |   0.0
        D:4 |     208 |       0 |   0.0 |       7 |       0 |   0.0
            +---------+---------+-------+---------+---------+-------
